ABL
MANLY-WARRINGAH SEA EAGLES @ CANTERBURY BULLDOGS
08/26/2022
 
TOP OF THE 1ST
Manly-Warringah Sea Eagles batting - Pitching for Canterbury Bulldogs : RHP Leo Bailey
Pitching: RHP Leo Bailey
Batting: LHB Tris Malcolm 0-0: Called Strike
0-1: Ball
1-1: Called Strike
1-2: Fly out, F7 (Flyball, 7, EV 90.6 MPH)
Batting: LHB Leigh Seldon 0-0: Foul Ball, location: 3SF
0-1: Foul Ball, location: 2F
0-2: Foul Ball, location: 2F
0-2: Ball
1-2: Ground out 4-3 (Groundball, 4, EV 102.5 MPH)
Batting: RHB Bill Warburton 0-0: Called Strike
0-1: Called Strike
0-2: Ball
1-2: Strikes out swinging
Top of the 1st over - 0 runs, 0 hits, 0 errors, 0 left on base; Manly-Warringah 0 - Canterbury 0
BOTTOM OF THE 1ST
Canterbury Bulldogs batting - Pitching for Manly-Warringah Sea Eagles : RHP Brock Burnard
Pitching: RHP Brock Burnard
Batting: RHB Andre Farnsworth 0-0: Ball
1-0: Fly out, F9 (Flyball, 89S, EV 77.5 MPH)
Batting: RHB David Oldreave 0-0: Foul Ball, location: 7LMF
0-1: Foul Ball, location: 9LDF
0-2: Ball
1-2: Foul Ball, location: 25FF
1-2: Strikes out swinging
Batting: LHB Max Walters 0-0: Ball
1-0: Called Strike
1-1: Ball
2-1: Ball
3-1: Base on Balls
Batting: RHB Tas Reeves 0-0: Foul Ball, location: 9LMF
0-1: Ball
1-1: DOUBLE (Line Drive, 7LD, EV 110.6 MPH)
Max Walters to third
Batting: LHB Silas Perrin 0-0: Foul Ball, location: 5SF
0-1: Ball
1-1: Foul Ball, location: 2F
1-2: Ball
2-2: Ground out 4-3 (Groundball, 4M, EV 105.0 MPH)
Bottom of the 1st over - 0 runs, 1 hit, 0 errors, 2 left on base; Manly-Warringah 0 - Canterbury 0
TOP OF THE 2ND
Manly-Warringah Sea Eagles batting - Pitching for Canterbury Bulldogs : RHP Leo Bailey
Batting: LHB Clem Ballard 0-0: Ball
1-0: Ball
2-0: SOLO HOME RUN (Flyball, 9D, EV 104.4 MPH), Distance : 410 ft
Batting: LHB Greg Mundine 0-0: Ball
1-0: Ball
2-0: SINGLE (Line Drive, 89M, EV 95.0 MPH)
Batting: RHB Chris Strutt 0-0: Ball
1-0: Bunt - Flyout to 2R! F2
Batting: RHB Owen Shufflebottom 0-0: Fly out, F7 (Flyball, 78D, EV 98.1 MPH)
Batting: RHB Gregg Boothroyd 0-0: Called Strike
0-1: Foul Ball, location: 2F
0-2: Ball
1-2: Ball
2-2: Ball
3-2: Base on Balls
Greg Mundine to second
Batting: SHB Brock Burnard 0-0: DOUBLE (Flyball, 8RD, EV 100.0 MPH)
Greg Mundine scores
Gregg Boothroyd to third
Runner from 3rd tries for Home, SAFE, throw by CF to home
Batting: LHB Tris Malcolm 0-0: Foul Ball, location: 2F
0-1: Ball
1-1: Swinging Strike
1-2: Foul Ball, location: 3FF
1-2: Strikes out swinging
Top of the 2nd over - 3 runs, 3 hits, 0 errors, 1 left on base; Manly-Warringah 3 - Canterbury 0
BOTTOM OF THE 2ND
Canterbury Bulldogs batting - Pitching for Manly-Warringah Sea Eagles : RHP Brock Burnard
Batting: RHB Harry Pratly 0-0: Foul Ball, location: 2F
0-1: Fly out, F6 (Popup, 6, EV 56.9 MPH)
Batting: RHB Daniel Chesire 0-0: Called Strike
0-1: Swinging Strike
0-2: Strikes out swinging
Batting: RHB Ted Claridge 0-0: Ground out 1-3 (Groundball, 13S, EV 61.9 MPH)
Bottom of the 2nd over - 0 runs, 0 hits, 0 errors, 0 left on base; Manly-Warringah 3 - Canterbury 0
TOP OF THE 3RD
Manly-Warringah Sea Eagles batting - Pitching for Canterbury Bulldogs : RHP Leo Bailey
Batting: LHB Leigh Seldon 0-0: Ball
1-0: Called Strike
1-1: Foul Ball, location: 23FF
1-2: Foul Ball, location: 25F
1-2: Foul Ball, location: 2F
1-2: Ball
2-2: SOLO HOME RUN (Flyball, 78XD, EV 100.6 MPH), Distance : 392 ft
Batting: RHB Bill Warburton 0-0: Ball
1-0: SINGLE (Line Drive, 6D, EV 98.1 MPH)
Batting: LHB Clem Ballard 0-0: Called Strike
0-1: Fly out, F8 (Flyball, 78S, EV 88.8 MPH)
Batting: LHB Greg Mundine 0-0: Called Strike
0-1: Fielders Choice at 2nd, 3-6 (Groundball, 3, EV 96.3 MPH)
Batting: RHB Chris Strutt 0-0: Ball
1-0: Called Strike
1-1: Ball
2-1: Called Strike
2-2: Fielders Choice at 2nd, 5-4 (Groundball, 56, EV 79.4 MPH)
Top of the 3rd over - 1 run, 2 hits, 0 errors, 1 left on base; Manly-Warringah 4 - Canterbury 0
BOTTOM OF THE 3RD
Canterbury Bulldogs batting - Pitching for Manly-Warringah Sea Eagles : RHP Brock Burnard
Batting: RHB Leo Bailey 0-0: Called Strike
0-1: Foul Ball, location: 2F
0-2: Foul Ball, location: 7LSFF
0-2: Ball
1-2: Strikes out swinging
Batting: RHB Andre Farnsworth 0-0: SINGLE (Line Drive, 89S, EV 98.8 MPH)
Batting: RHB David Oldreave 0-0: Called Strike
0-1: SINGLE (Groundball, 13, EV 64.4 MPH) (infield hit)
Andre Farnsworth to second
Batting: LHB Max Walters 0-0: Swinging Strike
0-1: Swinging Strike
Passed Ball!
Andre Farnsworth to third
David Oldreave to second
0-2: Ball
1-2: Strikes out swinging
Batting: RHB Tas Reeves 0-0: Ball
1-0: Ball
2-0: Ball
3-0: Called Strike
3-1: Ground out 5-3 (Groundball, 56, EV 90.0 MPH)
Bottom of the 3rd over - 0 runs, 2 hits, 0 errors, 2 left on base; Manly-Warringah 4 - Canterbury 0
TOP OF THE 4TH
Manly-Warringah Sea Eagles batting - Pitching for Canterbury Bulldogs : RHP Leo Bailey
Batting: RHB Owen Shufflebottom 0-0: Swinging Strike
0-1: Swinging Strike
0-2: Strikes out looking
Batting: RHB Gregg Boothroyd 0-0: Ball
1-0: SINGLE (Groundball, 23, EV 68.1 MPH) (infield hit)
Batting: SHB Brock Burnard 0-0: Bunted foul
0-1: Sac Bunt to 13 - play at first, batter OUT! 1-3
Gregg Boothroyd to second
Batting: LHB Tris Malcolm 0-0: Called Strike
0-1: Foul Ball, location: 2F
0-2: Foul Ball, location: 2F
0-2: Ball
1-2: Ball
2-2: Ball
3-2: Ground out 4-3 (Groundball, 4, EV 86.9 MPH)
Top of the 4th over - 0 runs, 1 hit, 0 errors, 1 left on base; Manly-Warringah 4 - Canterbury 0
BOTTOM OF THE 4TH
Canterbury Bulldogs batting - Pitching for Manly-Warringah Sea Eagles : RHP Brock Burnard
Batting: LHB Silas Perrin 0-0: Fly out, F2 (Popup, 23F, EV 80.0 MPH)
Batting: RHB Harry Pratly 0-0: Ball
1-0: Ball
2-0: Swinging Strike
2-1: Foul Ball, location: 2F
2-2: Foul Ball, location: 2F
2-2: Strikes out swinging, 2-3 out at first.
Batting: RHB Daniel Chesire 0-0: Ball
1-0: Ground out 1-3 (Groundball, 13S, EV 70.0 MPH)
Bottom of the 4th over - 0 runs, 0 hits, 0 errors, 0 left on base; Manly-Warringah 4 - Canterbury 0
TOP OF THE 5TH
Manly-Warringah Sea Eagles batting - Pitching for Canterbury Bulldogs : RHP Leo Bailey
Batting: LHB Leigh Seldon 0-0: Called Strike
0-1: Called Strike
0-2: Ground out U3 (Groundball, 34, EV 90.0 MPH)
Batting: RHB Bill Warburton 0-0: Called Strike
0-1: Ball
1-1: Ball
2-1: Ball
3-1: Base on Balls
Batting: LHB Clem Ballard 0-0: Ball
1-0: Called Strike
1-1: Ball
2-1: SINGLE (Groundball, 4M, EV 106.9 MPH) (infield hit)
Bill Warburton to second
Batting: LHB Greg Mundine 0-0: Called Strike
0-1: Fielders Choice at 2nd, 6-4 (Groundball, 6MD, EV 98.1 MPH)
Bill Warburton to third
Batting: RHB Chris Strutt 0-0: SINGLE (Line Drive, 78S, EV 89.4 MPH)
Bill Warburton scores
Greg Mundine to second
Pitching: RHP Keiron Cunningham
Now at SS: Mitchel Watson
Batting: RHB Owen Shufflebottom 0-0: Called Strike
0-1: Ball
1-1: Ball
2-1: SINGLE (Groundball, 6MD, EV 96.3 MPH)
Greg Mundine to third
Chris Strutt to second
Runner from 3rd tries for Home, SAFE, throw by CF to home
Batting: RHB Gregg Boothroyd 0-0: Foul Ball, location: 23F
0-1: Called Strike
0-2: Ball
1-2: Fly out, F8 (Flyball, 78M, EV 89.4 MPH)
Top of the 5th over - 2 runs, 3 hits, 0 errors, 2 left on base; Manly-Warringah 6 - Canterbury 0
BOTTOM OF THE 5TH
Canterbury Bulldogs batting - Pitching for Manly-Warringah Sea Eagles : RHP Brock Burnard
Batting: RHB Ted Claridge 0-0: Ball
1-0: Ground out 5-3 (Groundball, 56S, EV 81.9 MPH)
Batting: RHB Mitchel Watson 0-0: Ball
1-0: Ball
2-0: Ball
3-0: Called Strike
3-1: Ground out 6-3 (Groundball, 4M, EV 79.4 MPH)
Batting: RHB Andre Farnsworth 0-0: Ball
1-0: Called Strike
1-1: Foul Ball, location: 7LSF
1-2: SINGLE (Line Drive, 7S, EV 101.9 MPH)
Batting: RHB David Oldreave 0-0: Called Strike
0-1: SINGLE (Groundball, 34D, EV 101.3 MPH)
Andre Farnsworth to second
Runner from 2nd tries for 3rd, SAFE, no throw by RF
Batting: LHB Max Walters 0-0: Called Strike
0-1: Fly out, F9 (Flyball, 9, EV 80.0 MPH)
Bottom of the 5th over - 0 runs, 2 hits, 0 errors, 2 left on base; Manly-Warringah 6 - Canterbury 0
TOP OF THE 6TH
Manly-Warringah Sea Eagles batting - Pitching for Canterbury Bulldogs : RHP Keiron Cunningham
Batting: SHB Brock Burnard 0-0: Called Strike
0-1: Called Strike
0-2: Strikes out swinging
Batting: LHB Tris Malcolm 0-0: Called Strike
0-1: Fly out, F9 (Flyball, 9LS, EV 77.5 MPH)
Batting: LHB Leigh Seldon 0-0: Called Strike
0-1: Swinging Strike
0-2: Ground out 6-3 (Groundball, P, EV 82.5 MPH)
Top of the 6th over - 0 runs, 0 hits, 0 errors, 0 left on base; Manly-Warringah 6 - Canterbury 0
BOTTOM OF THE 6TH
Canterbury Bulldogs batting - Pitching for Manly-Warringah Sea Eagles : RHP Brock Burnard
Batting: RHB Tas Reeves 0-0: Called Strike
0-1: Called Strike
0-2: DOUBLE (Flyball, 78D, EV 96.3 MPH)
Batting: LHB Silas Perrin 0-0: Ball
1-0: SINGLE (Groundball, 4S, EV 63.8 MPH) (infield hit)
Tas Reeves to third
Batting: RHB Harry Pratly 0-0: Called Strike
0-1: Single, Error in OF, E8, batter to second base (Groundball, 6MD, EV 96.9 MPH)
Tas Reeves scores
Silas Perrin to third
Pinch Hitting: SHB Harasvarupa Panyala 0-0: Foul Ball, location: 2F
0-1: SINGLE (Line Drive, 89M, EV 102.5 MPH)
Silas Perrin scores
Harry Pratly to third
Batting: RHB Ted Claridge 0-0: Ball
1-0: Foul Ball, location: 23FF
1-1: Ball
2-1: Ball
3-1: Fly out, F9 (Flyball, 9S, EV 95.0 MPH)
Batting: RHB Mitchel Watson 0-0: Called Strike
0-1: Called Strike
0-2: Ball
1-2: Strikes out looking
Batting: RHB Andre Farnsworth 0-0: Fly out, F7 (Line Drive, 7D, EV 88.8 MPH)
Bottom of the 6th over - 2 runs, 4 hits, 1 error, 2 left on base; Manly-Warringah 6 - Canterbury 2
TOP OF THE 7TH
Manly-Warringah Sea Eagles batting - Pitching for Canterbury Bulldogs : RHP Keiron Cunningham
Pitching: RHP Vinnie Burge
Batting: RHB Bill Warburton 0-0: Ball
1-0: Fly out, F9 (Flyball, 89S, EV 95.6 MPH)
Batting: LHB Clem Ballard 0-0: Swinging Strike
0-1: Ball
1-1: Ball
2-1: SINGLE (Flyball, 8LM, EV 81.9 MPH)
Batting: LHB Greg Mundine 0-0: Ball
1-0: Ball
2-0: Called Strike
2-1: Grounds into double play, 4-6-3 (Groundball, 4, EV 82.5 MPH)
Top of the 7th over - 0 runs, 1 hit, 0 errors, 0 left on base; Manly-Warringah 6 - Canterbury 2
BOTTOM OF THE 7TH
Canterbury Bulldogs batting - Pitching for Manly-Warringah Sea Eagles : RHP Brock Burnard
Batting: RHB David Oldreave 0-0: Called Strike
0-1: Ball
1-1: Ball
2-1: Foul Ball, location: 3SF
2-2: Ball
3-2: Ground out 5-3 (Groundball, 56S, EV 82.5 MPH)
Batting: LHB Max Walters 0-0: Ball
1-0: Ground out 4-3 (Groundball, 34, EV 82.5 MPH)
Batting: RHB Tas Reeves 0-0: Ball
1-0: Fly out, F8 (Flyball, 8RD, EV 91.9 MPH)
Bottom of the 7th over - 0 runs, 0 hits, 0 errors, 0 left on base; Manly-Warringah 6 - Canterbury 2
TOP OF THE 8TH
Manly-Warringah Sea Eagles batting - Pitching for Canterbury Bulldogs : RHP Vinnie Burge
Batting: RHB Chris Strutt 0-0: Called Strike
0-1: Ball
1-1: Swinging Strike
1-2: Ball
2-2: Ground out 6-3 (Groundball, 6, EV 92.5 MPH)
Batting: RHB Owen Shufflebottom 0-0: Ball
1-0: Ball
2-0: Called Strike
2-1: Ball
3-1: Swinging Strike
3-2: Foul Ball, location: 25F
3-2: Base on Balls
Batting: RHB Gregg Boothroyd 0-0: Ball
1-0: Foul Ball, location: 2F
1-1: Ball
2-1: Fly out, F9 (Line Drive, 9, EV 91.9 MPH)
Batting: SHB Brock Burnard 0-0: Ball
1-0: Foul Ball, location: 2F
1-1: Swinging Strike
1-2: Foul Ball, location: 23F
1-2: Strikes out swinging
Top of the 8th over - 0 runs, 0 hits, 0 errors, 1 left on base; Manly-Warringah 6 - Canterbury 2
BOTTOM OF THE 8TH
Canterbury Bulldogs batting - Pitching for Manly-Warringah Sea Eagles : RHP Brock Burnard
Batting: LHB Silas Perrin 0-0: Foul Ball, location: 2F
0-1: Ball
1-1: Ground out 6-3 (Groundball, 4M, EV 100.0 MPH)
Batting: RHB Harry Pratly 0-0: Foul Ball, location: 2LF
0-1: Ball
1-1: Ball
2-1: Swinging Strike
2-2: Foul Ball, location: 2F
2-2: Ball
3-2: Fly out, F9 (Flyball, 9LM, EV 93.8 MPH)
Pinch Hitting: SHB Steve Ale 0-0: Called Strike
0-1: Ball
1-1: Foul Ball, location: 2RF
1-2: Foul Ball, location: 5F
1-2: SINGLE (Flyball, 3D, EV 96.3 MPH)
Pitching: RHP Brendan Titcombe
Batting: RHB Ted Claridge 0-0: Foul Ball, location: 3FF
0-1: Swinging Strike
0-2: Ball
1-2: Fly out, F6 (Popup, 4MD, EV 52.5 MPH)
Bottom of the 8th over - 0 runs, 1 hit, 0 errors, 1 left on base; Manly-Warringah 6 - Canterbury 2
TOP OF THE 9TH
Manly-Warringah Sea Eagles batting - Pitching for Canterbury Bulldogs : RHP Vinnie Burge
Pitching: RHP Kellen Maddison
Batting: LHB Tris Malcolm 0-0: Swinging Strike
0-1: Swinging Strike
0-2: Fly out, F8 (Flyball, 8RM, EV 74.4 MPH)
Batting: LHB Leigh Seldon 0-0: Ball
1-0: Ball
2-0: Ball
3-0: Called Strike
3-1: SOLO HOME RUN (Flyball, 89XD, EV 111.3 MPH), Distance : 423 ft
Batting: RHB Bill Warburton 0-0: Ball
1-0: Called Strike
1-1: Ball
2-1: Foul Ball, location: 7LDF
2-2: Ball
3-2: Fly out, F9 (Flyball, 9S, EV 81.9 MPH)
Batting: LHB Clem Ballard 0-0: Ball
1-0: Foul Ball, location: 7LSF
1-1: Ball
2-1: Called Strike
2-2: Ball
3-2: Foul Ball, location: 5FF
3-2: Base on Balls
Batting: LHB Greg Mundine 0-0: Fly out, F8 (Flyball, 8LM, EV 82.5 MPH)
Top of the 9th over - 1 run, 1 hit, 0 errors, 1 left on base; Manly-Warringah 7 - Canterbury 2
BOTTOM OF THE 9TH
Canterbury Bulldogs batting - Pitching for Manly-Warringah Sea Eagles : RHP Brendan Titcombe
Batting: RHB Mitchel Watson 0-0: Called Strike
0-1: Ball
1-1: Ball
2-1: Foul Ball, location: 2F
2-2: Strikes out looking
Batting: RHB Andre Farnsworth 0-0: Fly out, F9 (Flyball, 9D, EV 97.5 MPH)
Batting: RHB David Oldreave 0-0: Ball
1-0: Fly out, F9 (Flyball, 89M, EV 90.0 MPH)
Bottom of the 9th over - 0 runs, 0 hits, 0 errors, 0 left on base; Manly-Warringah 7 - Canterbury 2
Sunday, May 5th , 2024 - OOTP Baseball 24.9 Build 80